 Dungeon Crawl Stone Soup version 0.29.1-2-gbd0b4ee654 (webtiles) character file.

Game seed: 17104714175180786879

9681 Icepheonix32 the Reanimator (level 11, -11/79 HPs)
             Began as a Demigod Necromancer on Nov 2, 2022.
             Mangled by an ice devil (18 damage)
             ... in an ice cave.
             The game lasted 00:33:33 (11507 turns).

Icepheonix32 the Reanimator (Demigod Necromancer)  Turns: 11507, Time: 00:33:34

Health: -11/79     AC: 16    Str: 17    XL:     11   Next: 6%
Magic:  21/23      EV: 12    Int: 25    God:
Gold:   509        SH:  0    Dex: 18    Spells: 2/21 levels left

rFire   . . .      SeeInvis +   B - +3 flail (holy)
rCold   . . .      Faith    .   (no shield)
rNeg    . . .      Spirit   .   i - +1 ring mail "Xexyr" {Will+ Regen+ rCorr SInv}
rPois   .          Reflect  .   (no helmet)
rElec   .          Harm     .   (no cloak)
rCorr   +          Rampage  .   d - +2 pair of gloves
Will    ++...                   (no boots)
Stlth   ++........              p - amulet of magic regeneration
HPRegen 1.03/turn               l - ring "Veeciami" {rCorr Int+4 Dex+4}
MPRegen 0.58/turn               z - +4 ring of protection

@: brilliant, very slightly contaminated
A: high MP 1, forlorn, divine attributes, claws 1, iridescent scales 1
a: no special abilities


You were in an ice cave.
You visited 1 branch of the dungeon, and saw 12 of its levels.
You also visited: Ice Cave.

You collected 623 gold pieces.
You spent 114 gold pieces at shops.

Inventory:

Hand Weapons
 e - a +0 scimitar of flaming
 f - a +0 dagger
 v - a +0 short sword
 B - a +3 flail of holy wrath (weapon)
 D - a +1 dagger of venom
 G - a +4 vorpal shortbow
 J - a +1 dagger of flaming
 N - a +1 great sword
 T - a +4 dagger
 W - a +0 short sword of electrocution
Missiles
 I - 6 boomerangs
 U - 2 silver boomerangs
Armour
 c - +0 ice dragon scales
 d - a +2 pair of gloves (worn)
 i - the +1 ring mail "Xexyr" (worn) {Will+ Regen+ rCorr SInv}
   (You acquired it on level 5 of the Dungeon)

   SInv:      It lets you see invisible.
   Regen:     It increases your rate of health regeneration.
   rCorr:     It protects you from acid and corrosion.
   Will:      It increases your willpower.
 s - a +2 robe of cold resistance
 L - an orb of guile
 M - the +1 robe of the Onion {-Tele rElec Will+++ rCorr}
   (You found it on level 7 of the Dungeon)

   rElec:     It insulates you from electricity.
   -Tele:     It prevents most forms of teleportation.
   rCorr:     It protects you from acid and corrosion.
   Will:      It greatly increases your willpower.
Jewellery
 l - the ring "Veeciami" (left hand) {rCorr Int+4 Dex+4}
   (You acquired it on level 7 of the Dungeon)

   [ring of resist corrosion]

   Int:       It affects your intelligence (+4).
   Dex:       It affects your dexterity (+4).
   rCorr:     It protects you from acid and corrosion.
 p - an amulet of magic regeneration (around neck)
 t - a ring of flight
 z - a +4 ring of protection (right hand)
 K - a ring of magical power
Wands
 a - a wand of light (6)
 F - a wand of flame (41)
 O - a wand of charming (6)
Scrolls
 h - a scroll of immolation
 j - 3 scrolls of enchant armour
 m - 7 scrolls of identify
 n - a scroll of teleportation
 o - 2 scrolls of enchant weapon
 y - 3 scrolls of vulnerability
 A - a scroll of fear
 C - a scroll of silence
 E - 2 scrolls of noise
 H - 2 scrolls of amnesia
 R - a scroll of torment
 S - a scroll of summoning
Potions
 b - 2 potions of magic
 g - a potion of mutation
 u - 2 potions of degeneration
 x - 3 potions of flight


   Skills:
 + Level 2.0 Fighting
 + Level 2.1 Maces & Flails
 + Level 5.3 Armour
 + Level 2.8 Dodging
 + Level 2.3 Stealth
 + Level 5.8 Spellcasting
 + Level 2.4 Summonings
 * Level 13.0 Necromancy
 * Level 2.7 Fire Magic
 * Level 2.0 Evocations


You had 2 spell levels left.
You knew the following spells:

 Your Spells              Type           Power      Damage    Failure   Level
a - Necrotise             Necr           100%       1d9       1%          1
b - Vampiric Draining     Necr           83%        2d11      1%          3
c - Animate Dead          Necr           83%        N/A       1%          4
d - Agony                 Necr           83%        N/A       1%          5
e - Call Imp              Summ           29%        N/A       8%          2
f - Wereblood             Tmut           10%        N/A       21%         2
g - Scorch                Fire           62%        2d8       6%          2

Your spell library contained the following spells:

 Spells                   Type           Power      Damage    Failure   Level
 Beastly Appendage        Tmut           20%        N/A       13%         1
 Magic Dart               Conj           40%        1d5       13%         1
 Call Canine Familiar     Summ           29%        N/A       14%         3
 Mephitic Cloud           Conj/Pois/Air  10%        N/A       36%         3
 Portal Projectile        Hex/Tloc       20%        N/A       36%         3
 Spider Form              Tmut/Pois      10%        N/A       36%         3
 Flame Wave               Conj/Fire      21%        2d8       58%         4
 Animate Armour           Summ/Erth      40%        N/A       61%         4
 Leda's Liquefaction      Hex/Erth       5%         N/A       78%         4
 Summon Forest            Summ/Tloc      10%        N/A       91%         5
 Summon Mana Viper        Hex/Summ       20%        N/A       91%         5
 Blade Hands              Tmut           5%         N/A       98%         5
 Iron Shot                Conj/Erth      5%         9d2       100%        6
 Summon Cactus Giant      Summ           14%        N/A       100%        6


Dungeon Overview and Level Annotations

Branches:
Dungeon (12/15)            Temple (0/1) D:5            Lair (0/5) D:10
    Orc (0/2) D:9           IceCv (1/1)

Shops:
D:10 ?([[

Portals:
Trove: D:10 (give +6 demon trident)

Annotations:
D:3 1 runed translucent door, Crazy Yiuf
D:7 2 transporters


Innate Abilities, Weirdness & Mutations

You have an increased reservoir of magic. (+10% MP)
You shall have no god before yourself.
Your divine heritage dramatically boosts your attributes as you level up.
You have sharp fingernails.
You are partially covered in iridescent scales. (AC +2)


Message History

You feel a surge of power!
Flames lash the spriggan simulacrum.
The spriggan simulacrum melts!
The spriggan simulacrum is severely damaged.
The spriggan simulacrum's fire resistance burns away.
The ice devil closely misses you.
Casting: Scorch (safe; 6% risk of failure)
Confirm with . or Enter, or press ? or * to list all spells.
You feel a surge of power!
You miscast Scorch.
You are very lightly contaminated with residual magic.
Nothing appears to happen.
The ice devil closely misses you.
Unknown command.
Casting: Scorch (safe; 6% risk of failure)
Confirm with . or Enter, or press ? or * to list all spells.
You feel a surge of power!
Flames lash the ice devil but do no damage.
The ice devil barely misses you. The ice devil closely misses you.
Unknown command.
Casting: Scorch (safe; 6% risk of failure)
Confirm with . or Enter, or press ? or * to list all spells.
You feel a surge of power!
Flames lash the ice devil.
The ice devil is burned terribly!
The ice devil is heavily wounded.
The ice devil's fire resistance burns away.
The spriggan simulacrum hits you but does no damage.
The ice devil hits you but does no damage.
The ice devil hits you. The ice devil freezes you!!
* * * LOW HITPOINT WARNING * * *
Unknown command.
Okay, then.
Casting: Scorch (safe; 6% risk of failure)
Confirm with . or Enter, or press ? or * to list all spells.
You feel a surge of power!
Flames lash the ice devil.
The ice devil is burned terribly!
The ice devil is lightly wounded.
The ice devil's fire resistance burns away.
The spriggan simulacrum hits you but does no damage.
The ice devil hits you.
* * * LOW HITPOINT WARNING * * *
The ice devil freezes you!!
You die...

.......⌠.......#
...............#
...............#
#.............#
#.............#
#...........
#.....# #.44#
#.Z@## ##...#
##...# #...##
##...##
##.....##
#...∩...#
#...∩...#
##.....##


You could see 2 ice devils and a spriggan simulacrum (combustible).

Vanquished Creatures
  A boulder beetle (D:11)
  2 gargoyles (D:11)
  An unseen horror (D:10)
  2 kobold demonologists (D:11)
  Grinder (D:5)
  A troll (D:10)
  A shadow (D:9)
  A wyvern (D:11)
  4 yaks
  6 vampire mosquitoes
  An acid dragon (D:10)
  A water moccasin (D:6)
  4 orc warriors
  2 ice beasts (D:7)
  A sky beast (D:8)
  3 wolves (D:10)
  An ogre (D:6)
  2 centaurs
  2 phantoms
  4 kobold brigands
  3 bullfrogs
  3 scorpions
  A two-headed ogre simulacrum (IceCv)
  7 wights (D:7)
  7 killer bees
  3 electric eels (D:10)
  A wolf zombie (D:10)
  2 jellies
  4 hounds (D:10)
  4 orc priests
  3 iguanas
  6 orc wizards
  A polar bear simulacrum (IceCv)
  3 gnolls (D:3)
  9 adders
  2 shadow imps
  3 ufetubi
  3 dart slugs
  37 orcs
  3 endoplasms
  6 giant cockroaches
  4 goblins
  5 hobgoblins
  2 jackals (D:1)
  2 quokkas (D:1)
  6 ball pythons
  7 bats
  A frilled lizard (D:3)
  24 kobolds
  2 rats
205 creatures vanquished.

Vanquished Creatures (collateral kills)
  A troll (D:10)
  2 yaks (D:10)
  Grum (D:10)
  An acid dragon (D:8)
  An orc warrior (D:10)
  4 wolves (D:10)
  A centaur (D:8)
  A scorpion (D:5)
  A killer bee (D:11)
  A jelly (D:8)
  An iguana (D:6)
  An orc wizard (D:10)
  3 orcs
  A kobold (D:7)
20 creatures vanquished.

Vanquished Creatures (others)
  Erica (D:9)
  A troll (D:9)
  A wraith (D:9)
  A centaur (D:9)
  2 troll zombies
  A yak zombie (D:8)
  A killer bee (D:9)
  A bullfrog zombie (D:9)
  3 centaur zombies
  3 killer bee zombies
  A hound zombie (D:10)
  4 orc zombies (D:9)
  An orc (D:9)
  A kobold (D:10)
  6 kobold zombies (D:11)
  A fungus (D:3)
  32 plants (D:2)
61 creatures vanquished.

Grand Total: 286 creatures vanquished

Notes
Turn   | Place    | Note
-------+----------+-------------------------------------------
     0 | D:1      | Icepheonix32 the Demigod Necromancer began the quest for
                  | the Orb.
     0 | D:1      | Reached XP level 1. HP: 14/14 MP: 5/5
   256 | D:1      | Reached skill level 4 in Necromancy
   326 | D:1      | Reached XP level 2. HP: 15/20 MP: 4/7
  1317 | D:2      | Reached XP level 3. HP: 26/26 MP: 4/8
  1365 | D:2      | Learned a level 3 spell: Vampiric Draining
  2403 | D:3      | Reached skill level 1 in Armour
  2403 | D:3      | Reached skill level 5 in Necromancy
  2403 | D:3      | Reached XP level 4. HP: 30/33 MP: 3/9
  3287 | D:3      | Reached XP level 5. HP: 30/38 MP: 6/10
  3837 | D:3      | Found a runed translucent door.
  3838 | D:3      | Noticed Crazy Yiuf
  4177 | D:4      | Reached skill level 6 in Necromancy
  4854 | D:5      | Entered Level 5 of the Dungeon
  4864 | D:4      | Reached XP level 6. HP: 22/45 MP: 7/11
  5045 | D:4      | Learned a level 4 spell: Animate Dead
  5302 | D:5      | Reached skill level 7 in Necromancy
  5415 | D:5      | Found a staircase to the Ecumenical Temple.
  5486 | D:5      | Reached XP level 7. HP: 26/50 MP: 5/12
  5959 | D:5      | Noticed Grinder
  5961 | D:5      | Gained mutation: You have sharp fingernails. [potion of
                  | mutation]
  5961 | D:5      | Gained mutation: You are partially covered in iridescent
                  | scales. (AC +2) [potion of mutation]
  5968 | D:5      | Paralysed by Grinder for 5 turns
  5986 | D:5      | Killed Grinder
  5987 | D:5      | Reached skill level 8 in Necromancy
  6318 | D:5      | Identified 2 scrolls of acquirement
  6318 | D:5      | Acquired the +1 ring mail "Xexyr" {Will+ Regen+ rCorr SInv}
  6531 | D:6      | Reached skill level 9 in Necromancy
  6531 | D:6      | Reached XP level 8. HP: 51/57 MP: 4/13
  7484 | D:7      | Noticed a fire crab
  7487 | D:7      | Found a transporter.
  7495 | D:7      | Reached skill level 10 in Necromancy
  7495 | D:7      | Noticed a kobold demonologist
  7497 | D:7      | Noticed a kobold demonologist
  7519 | D:7      | Acquired the ring "Veeciami" {rCorr Int+4 Dex+4}
  7550 | D:7      | Found a transporter.
  7823 | D:7      | Identified the +1 robe of the Onion {-Tele rElec Will+++
                  | rCorr}
  8397 | D:8      | Reached XP level 9. HP: 32/62 MP: 7/15
  8401 | D:8      | Reached skill level 11 in Necromancy
  8617 | D:8      | Reached skill level 1 in Maces & Flails
  9068 | D:9      | Noticed Erica
  9189 | D:9      | Killed Erica
  9192 | D:9      | Reached skill level 12 in Necromancy
  9248 | D:9      | Reached skill level 1 in Fighting
  9264 | D:9      | Found a staircase to the Orcish Mines.
  9543 | D:9      | Learned a level 5 spell: Agony
  9546 | D:9      | Learned a level 2 spell: Call Imp
  9636 | D:10     | Entered Level 10 of the Dungeon
  9637 | D:10     | Found Baxeb's Armour Shop.
  9689 | D:10     | Found Vielaje's Magic Scroll Shop.
  9706 | D:10     | Bought a scroll of summoning for 114 gold pieces
  9762 | D:10     | Reached skill level 5 in Armour
  9762 | D:10     | Reached XP level 10. HP: 40/71 MP: 2/19
  9764 | D:10     | Reached skill level 1 in Summonings
  9795 | D:10     | Found a staircase to the Lair.
  9846 | D:10     | Reached skill level 5 in Spellcasting
  9862 | D:10     | Found a portal to a secret trove of treasure.
  9864 | D:10     | Noticed Grum
  9875 | D:10     | Killed Grum
  9944 | D:10     | Reached skill level 1 in Evocations
 10231 | D:10     | Found Durib's Antique Armour Shoppe.
 10336 | D:10     | Found Takeukes's Weapon Shop.
 10353 | D:10     | Learned a level 2 spell: Wereblood
 10781 | D:11     | Learned a level 2 spell: Scorch
 11055 | D:11     | Reached skill level 1 in Fire Magic
 11209 | D:11     | Noticed a boulder beetle
 11223 | D:11     | Killed a boulder beetle
 11224 | D:11     | Reached skill level 13 in Necromancy
 11401 | D:12     | Reached XP level 11. HP: 65/78 MP: 23/23
 11461 | D:12     | Found a frozen archway.
 11473 | IceCv    | Entered an ice cave
 11507 | IceCv    | Mangled by an ice devil

Illustrated notes

Levels and vault maps discovered:
D:1:      dpeg_arrival_simpleton_b, layout_loops_ring,
          hellmonk_ecumenical_altar_crossroads, minmay_3d_cube
D:2:      layout_basic, kennysheep_boxes
D:3:      layout_basic, mainiacjoe_overflow_divided_tiny,
          grunt_decor_mini_mirrors, feat_on_display, uniq_crazy_yiuf_cottage,
          uniq_sigmund
D:4:      layout_loops_ring
D:5:      layout_rooms, temple_doors_e, minivault_25, uniq_grinder
D:6:      layout_basic
D:7:      gammafunk_wand_slinger, layout_basic
D:8:      layout_gridville, mainiacjoe_overflow_surrounded_room
D:9:      layout_rooms, david_orc_2, minmay_misc_feat_iff, uniq_erica
D:10:     layout_basic, erik_lair_island, enter_trove_0, serial_shops,
          nicolae_lakefront_shop, nicolae_shop_behind_doors,
          nicolae_stop_n_shop_2, kennysheep_mini_moat, feat_on_display,
          uniq_grum
D:11:     layout_basic
D:12:     layout_irregular_city, gammafunk_ghost_cemetery,
          portal_ice_cave_entry_pillars_1, uniq_maurice
IceCv:    ice_cave_tombish

Skill      XL: |  1  2  3  4  5  6  7  8  9 10 11 |
---------------+----------------------------------+-----
Necromancy     | 4 5 6 7 9 10 12 13 | 13.0
Armour         | 1 2 3 4 5 |  5.3
Spellcasting   | 2 3 5 |  5.8
Maces & Flails | 1 2 |  2.1
Dodging        | 2 |  2.8
Stealth        | 2 |  2.3
Fighting       | 1 2 |  2.0
Summonings     | 2 |  2.4
Evocations     | 2 |  2.0
Fire Magic     | 2 |  2.7

Action                   |  1- 3 |  4- 6 |  7- 9 | 10-12 || total
-------------------------+-------+-------+-------+-------++-------
Melee: Dagger            |    19 |    10 |       |       ||    29
       Short sword       |       |    33 |       |       ||    33
       Flail             |       |    24 |    95 |   128 ||   247
       Punch             |       |       |     3 |     4 ||     7
 Cast: Necrotise         |    85 |    94 |   199 |    57 ||   435
       Animate Dead      |       |     1 |     6 |     2 ||     9
       Vampiric Draining |       |       |     6 |     6 ||    12
       Agony             |       |       |     2 |       ||     2
       Scorch            |       |       |       |    41 ||    41
       Wereblood         |       |       |       |     3 ||     3
       Call Imp          |       |       |       |     1 ||     1
Evoke: Wand              |       |       |     6 |    28 ||    34
  Use: Scroll            |       |       |    20 |     5 ||    25
       Potion            |       |       |     9 |     9 ||    18
 Stab: Sleeping          |       |     1 |       |       ||     1
       Invisible         |       |       |     1 |     2 ||     3
       Distracted        |       |       |       |     1 ||     1
Armor: Robe              |     1 |       |       |       ||     1
       Leather armour    |    16 |    40 |    10 |       ||    66
       Skin              |       |       |    38 |    42 ||    80
       Ring mail         |       |       |   104 |   109 ||   213
Dodge: Dodged            |    30 |    75 |   169 |   155 ||   429
